 Dungeon Crawl Stone Soup version 0.26.0-10-g1f06aea511 (webtiles) character file.

Game seed: 7257664524064214452

9 inc the Vexing (level 2, 0/11 HPs)
             Began as a Felid Enchanter on Jan 29, 2021.
             Slain by a ball python (1 damage)
             ... on level 1 of the Dungeon.
             The game lasted 00:00:33 (583 turns).

inc the Vexing (Felid Enchanter)                     Turns: 583, Time: 00:00:34

Health: 0/11       AC:  1    Str:  4    XL:     2   Next: 3%
Magic:  3/6        EV: 15    Int: 16    God:
Gold:   41         SH:  0    Dex: 16    Spells: 4/5 levels left
                                        Lives:  0   Deaths: 0

rFire    . . .     SeeInvis +     - Unarmed
rCold    . . .     Faith    .   (shield unavailable)
rNeg     . . .     Spirit   .   (armour unavailable)
rPois    .         Reflect  .   (helmet unavailable)
rElec    .         Harm     .   (cloak unavailable)
rCorr    .         Rampage  .   (gloves unavailable)
Will     .....                  (boots unavailable)
Stlth    +++.......             (no amulet)
HPRegen  0.03/turn              (no ring)
MPRegen  0.10/turn              (no ring)

@: constricted, quick
A: very small, no armour, no weapons or thrown items, stealth, claws 1, fangs 3,
see invisible, speed 1, shaggy fur 1, sharp paws
a: no special abilities


You were on level 1 of the Dungeon.
You visited 1 branch of the dungeon, and saw 1 of its levels.

You collected 41 gold pieces.

You aren't carrying anything.


   Skills:
 + Level 2.7 Dodging
 + Level 4.3 Stealth
 + Level 1.0 Unarmed Combat
 + Level 2.2 Spellcasting
 + Level 4.6 Hexes


You had 4 spell levels left.
You knew the following spells:

 Your Spells              Type           Power        Failure   Level
a - Corona                Hex            17%          3%          1

Your spell library contained the following spells:

 Spells                   Type           Power        Failure   Level
 Confusing Touch          Hex            16%          9%          3
 Tukima's Dance           Hex            16%          9%          3
 Ensorcelled Hibernation  Hex/Ice        18%          12%         2
 Dazzling Flash           Conj/Hex       18%          24%         3


Dungeon Overview and Level Annotations

Branches:
Dungeon (1/15)

Altars:


Innate Abilities, Weirdness & Mutations

You cannot wear armour.
You are incapable of wielding weapons or throwing items.
Your paws allow you to move quietly. (Stealth)
You have sharp claws.
You have razor-sharp teeth.
You have supernaturally acute eyesight. (SInv)
You cover ground quickly.
You are covered in fur. (AC +1)
Your sharp claws are effective at attacking unaware monsters.


Message History

You scratch the giant cockroach. You bite the giant cockroach.
You kill the giant cockroach!
You have reached level 2!
Casting: Corona (safe; 3% risk of failure)
Confirm with . or Enter, or press ? or * to list all spells.
Aiming: Corona (safe; 3% risk of failure)
Press: ? - help, Shift-Dir - straight line The ball python is outlined in light.
The ball python completely misses you. The ball python barely misses you.
You scratch the ball python.
The ball python is moderately wounded.
The ball python barely misses you. The ball python closely misses you.
The ball python misses you. The ball python grabs you.
* * * LOW HITPOINT WARNING * * *
The ball python constricts you.
You barely miss the ball python. The ball python bites you.
* * * LOW HITPOINT WARNING * * *
The ball python constricts you.
You barely miss the ball python. The ball python misses you.
You die...

#...###.. #.#.#.#.## #.#
....(# #.###S#.###
#####..#(.†...# ####
#.....###B#.#.#
...####.....#...###
##......###.#.###.###...
.####...# #....S@.......
.(..#...# ########......
###.....####### .....
............... ##..
...#..##..##### .
##.....##....
##........##..#
##........# .#
#.........# .


You could see a ball python (corona).

Vanquished Creatures
  A dart slug (D:1)
  A giant cockroach (D:1)
  A goblin (D:1)
  A kobold (D:1)
  A ball python (D:1)
  A frilled lizard (D:1)
  A rat (D:1)
7 creatures vanquished.

Notes
Turn   | Place    | Note
-------+----------+-------------------------------------------
     0 | D:1      | inc the Felid Enchanter began the quest for the Orb.
     0 | D:1      | Reached XP level 1. HP: 7/7 MP: 4/4
   580 | D:1      | Reached XP level 2. HP: 4/11 MP: 3/6
   583 | D:1      | Slain by a ball python

Illustrated notes

Levels and vault maps discovered:
D:1:      eino_arrival_cavern_c, layout_rooms, hex_intersection,
          minmay_indecisive_spiral

Action                   || total
-------------------------++-------
Melee: Unarmed           ||    33
       Bite              ||     3
 Cast: Corona            ||     5
 Stab: Sleeping          ||     1
Armor: Skin              ||     4
Dodge: Dodged            ||    33
